 Dungeon Crawl Stone Soup version 0.31-a0-152-g6aa68a64a1 (webtiles) character file.

Game seed: 6169570054776741749

2625292 snackwell the Wrestler (level 26, 400/424 HPs)
             Began as a Troll Berserker on June 7, 2023.
             Was a High Priest of Trog.
             Escaped with the Orb
             ... and 4 runes on June 9, 2023!
             The game lasted 04:27:46 (57281 turns).

snackwell the Wrestler (Troll Berserker)           Turns: 57281, Time: 04:27:46

Health: 400/424    AC: 37    Str: 36    XL:     26   Next: 42%
Magic:  22/22      EV: 11    Int:  8    God:    Trog [*****.]
Gold:   4785       SH: 21    Dex: 20    Spells: 25/25 levels left

rFire   + +          .
                       - Unarmed
rCold   + + .        z - +1 tower shield of the Six of Pentacles {rC+ rN+}
rNeg    + . .        X - +7 shadow dragon scales
rPois   +            q - +0 mask of the Dragon {Will+ Slay+3 SInv}
rElec   +            N - +3 cloak of Leul {rC+ Dex+2}
rCorr   +            (gloves unavailable)
SInv    +            (boots unavailable)
Will    ++...        Q - amulet of Vitality {RegenMP++ Regen++} Stlth
                     c - ring of Gyzacov {rElec AC+4 Int+3 Dex+2 Slay+2}
HPRegen 3.30/turn    e - ring "Rismia" {rF+ rCorr Dex+3}
MPRegen 0.98/turn

%: no passive effects
@: berserking, resistant, hasted, studying Stealth, very quick
A: large, unfitting armour, claws 3, regeneration 1, shaggy fur 1, tough skin 1,
horns 1, thin skeletal structure 1, wild magic 1, cold vulnerability 1
0: Orb of Zot
}: 4/15 runes: decaying, serpentine, slimy, silver
a: Renounce Religion, Berserk, Trog's Hand, Brothers in Arms


You escaped.
You worshipped Trog.
Trog was extremely pleased with you.
You visited 10 branches of the dungeon, and saw 52 of its levels.
You also visited: Trove, Gauntlet and Desolation.

You collected 10947 gold pieces.
You spent 6162 gold pieces at shops.

Inventory:

Hand Weapons
 l - the +5 dagger of Imoeff {speed, +Blink rPois rCorr Dex-4}
   (You found it on level 5 of the Vaults)

   Dex:       It affects your dexterity (-4).
   rPois:     It protects you from poison.
   +Blink:    It lets you blink.
   rCorr:     It protects you from acid and corrosion.
 r - a +9 antimagic morningstar
   (You took it off a deep elf knight on level 1 of the Elven Halls)
 W - a +6 eveningstar of flaming
   (You acquired it on level 1 of the Swamp)
Missiles
 f - 66 large rocks (quivered)
 g - 25 boomerangs
 i - 5 javelins
 t - 5 silver javelins
 C - 3 throwing nets
 I - 17 curare-tipped darts
 T - 11 boomerangs of dispersal
 V - 4 silver boomerangs
Armour
 q - the +0 mask of the Dragon (worn) {Will+ Slay+3 SInv}
   (You bought it in a shop on level 2 of the Orcish Mines)

   Slay:      It affects your accuracy & damage with ranged weapons and melee
   (+3).
   SInv:      It lets you see invisible.
   Will:      It increases your willpower.
 z - the +1 tower shield of the Six of Pentacles (worn) {rC+ rN+}
   (You acquired it on level 8 of the Dungeon)

   rC:        It protects you from cold.
   rN:        It protects you from negative energy.
 N - the +3 cloak of Leul (worn) {rC+ Dex+2}
   (You found it in a Gauntlet)

   Dex:       It affects your dexterity (+2).
   rC:        It protects you from cold.
 X - +7 shadow dragon scales (worn)
   (You found it on level 1 of the Lair of Beasts)
 Y - +0 gold dragon scales
   (You found it on level 2 of the Depths)
Jewellery
 c - the ring of Gyzacov (left claw) {rElec AC+4 Int+3 Dex+2 Slay+2}
   (You found it in a treasure trove)

   [ring of protection]

   AC:        It affects your AC (+4).
   Int:       It affects your intelligence (+3).
   Dex:       It affects your dexterity (+2).
   Slay:      It affects your accuracy & damage with ranged weapons and melee
   (+2).
   rElec:     It insulates you from electricity.
 e - the ring "Rismia" (right claw) {rF+ rCorr Dex+3}
   (You bought it in a shop on level 2 of the Depths)

   [ring of resist corrosion]

   Dex:       It affects your dexterity (+3).
   rF:        It protects you from fire.
   rCorr:     It protects you from acid and corrosion.
 s - the ring of Ajug {rPois rCorr Str+8 Int+6 Dex-5}
   (You bought it in a shop on level 2 of the Depths)

   [ring of intelligence]

   Str:       It affects your strength (+8).
   Int:       It affects your intelligence (+6).
   Dex:       It affects your dexterity (-5).
   rPois:     It protects you from poison.
   rCorr:     It protects you from acid and corrosion.
 F - the ring of Demons {rPois Will+ EV+5}
   (You bought it in a shop on level 2 of the Depths)

   [ring of evasion]

   EV:        It affects your evasion (+5).
   rPois:     It protects you from poison.
   Will:      It increases your willpower.
 Q - the amulet of Vitality (around neck) {RegenMP++ Regen++}
   (You found it in a Gauntlet)

   [amulet of magic regeneration]

   It increases your rate of magic regeneration.
   Regen:     It increases your rate of health regeneration.
Wands
 d - a wand of digging (12)
   (You found it on level 1 of the Swamp)
 j - a wand of charming (57)
   (You found it in a treasure trove)
 w - a wand of mindburst (64)
   (You found it on level 6 of the Dungeon)
 y - a wand of roots (74)
   (You found it on level 3 of the Lair of Beasts)
 Z - a wand of acid (32)
   (You found it on level 13 of the Dungeon)
Scrolls
 k - 13 scrolls of teleportation
 m - a scroll of magic mapping
 n - 3 scrolls of butterflies
 p - 4 scrolls of blinking
 x - 6 scrolls of silence
 G - 7 scrolls of poison
 H - 5 scrolls of fog
 P - 9 scrolls of immolation
 R - 2 scrolls of fear
Potions
 b - 12 potions of lignification
 h - 3 potions of invisibility
 u - 2 potions of haste
 v - 13 potions of ambrosia
 A - 10 potions of heal wounds
 D - 6 potions of enlightenment
 E - 2 potions of might
 J - 2 potions of berserk rage
 K - 5 potions of cancellation
 O - 5 potions of resistance
 U - 22 potions of curing
Miscellaneous
 a - a lightning rod (4/4)
   (You bought it in a shop on level 1 of the Snake Pit)
 o - a tin of tremorstones (2/2)
   (You found it on level 4 of the Swamp)
 B - a phantom mirror
   (You found it on level 6 of the Dungeon)
 L - a box of beasts
   (You found it on level 13 of the Dungeon)
 S - a phial of floods
   (You found it on level 2 of the Snake Pit)


   Skills:
 + Level 20.1 Fighting
 + Level 11.9 Maces & Flails
 - Level 11.6 Throwing
 + Level 18.0 Armour
 - Level 7.4 Dodging
 - Level 5.0 Stealth
 - Level 15.4 Shields
 + Level 24.8 Unarmed Combat
 + Level 13.5 Evocations


You had 25 spell levels left.
You didn't know any spells.
Your spell library contained the following spells:

 Spells                   Type           Power      Damage    Failure   Level
 Apportation              Tloc           0%         N/A       93%         1
 Beastly Appendage        Tmut           0%         N/A       93%         1
 Freeze                   Ice            0%         1d3       93%         1
 Shock                    Conj/Air       0%         1d3       93%         1
 Lesser Beckoning         Tloc           0%         N/A       98%         2
 Passwall                 Tmut/Erth      0%         N/A       98%         2
 Wereblood                Tmut           0%         N/A       98%         2
 Gell's Gravitas          Tloc           0%         N/A       100%        3
 Hailstorm                Conj/Ice       0%         3d3       100%        3
 Mephitic Cloud           Conj/Pois/Air  0%         N/A       100%        3
 Teleport Other           Tloc           0%         N/A       100%        3
 Animate Armour           Summ/Erth      0%         N/A       100%        4
 Summon Ice Beast         Ice/Summ       0%         N/A       100%        4
 Arcjolt                  Conj/Air       0%         1d10      100%        5
 Blade Hands              Tmut           0%         N/A       100%        5
 Borgnjor's Vile Clutch   Necr/Erth      0%         N/A       100%        5
 Irradiate                Conj/Tmut      0%         3d11      100%        5
 Leda's Unmaking          Conj/Erth      0%         9d1       100%        6
 Statue Form              Tmut/Erth      0%         N/A       100%        6
 Disjunction              Tloc           0%         N/A       100%        8
 Infestation              Necr           0%         N/A       100%        8
 Shatter                  Erth           0%         3d5*      100%        9


Dungeon Overview and Level Annotations

Branches:
Dungeon (15/15)            Temple (0/1) D:4            Lair (5/5) D:8
  Swamp (4/4) Lair:3        Snake (4/4) Lair:3        Slime (5/5) Lair:5
    Orc (2/2) D:10            Elf (3/3) Orc:2        Vaults (5/5) D:13
  Crypt (0/3) Vaults:3     Depths (4/4) D:15            Zot (5/5) Depths:4
Desolation (visited)      Gauntlet (visited)

Altars:
Ashenzari
Dithmenos
Hepliaklqana
Makhleb
Nemelex Xobeh
Qazlal
Sif Muna
Trog
Uskayaw
Xom
Yredelemnul
Zin
The Shining One
Jiyva

Shops:
D:1 !   D:4 :   D:8 !   D:9 !   D:10 [   Orc:2 :[*?(   Snake:1 !*   Vaults:2 *(
Vaults:4 ??[   Vaults:5 !   Depths:2 :==

Portals:
Hell: Depths:1 Depths:2 Depths:3 Depths:4
Abyss: Depths:3 Depths:4
Pandemonium: Depths:2
Ziggurat: Depths:2

Annotations:
Lair:3 1 runed translucent door
Swamp:4 1 runed translucent door, SirDiesAlot's ghost, adept DrVM
Elf:2 3 runed translucent doors
Depths:2 2 transporters, Cakioj's ghost, veteran DjCj
Zot:2 1 runed translucent door, Qaniympis's ghost, veteran DgEE
Zot:3 3 runed translucent doors, Emoisch's ghost, adept MiFi; Unkupp's ghost, veteran OgBe


Innate Abilities, Weirdness & Mutations

You are too large for most types of armour.
You have claws for hands.
Your natural rate of healing is unusually fast.
You are covered in fur. (AC +1)
You have tough skin. (AC +1)
You have a pair of small horns on your head.
You have a somewhat thin skeletal structure. (Dex +2, Stealth+)
Your spells are a little harder to cast, but a little more powerful.
You are vulnerable to cold. (rC-)


Message History

There is a stone staircase leading down here.
There is a stone staircase leading up here.
You climb upwards.
There is a stone staircase leading down here.
You see here a +0 robe.
Aiming: Dig
Press: ? - help, Shift-Dir - straight line You can't see that place. [the floor.]
The rock shatters into small pieces.
There is a stone staircase leading up here.
You climb upwards.
There is a stone staircase leading down here.
Aiming: Dig
Press: ? - help, Shift-Dir - straight line, f - you Please select a direction to dig.
A stone staircase leading down.
This square is covered in magical glow.
The rock shatters into small pieces.
There is a stone staircase leading up here.
You climb upwards.
There is a stone staircase leading down here.
Aiming: Dig
Press: ? - help, Shift-Dir - straight line, f - you Please select a direction to dig.
A stone staircase leading down.
This square is covered in magical glow.
The rock shatters into small pieces.
There is a staircase leading out of the dungeon here.
What are your orders? t - Shout!
Orders for allies: a - Attack new target. r - Retreat! s - Stop attacking. g - Guard the area. f - Follow me.
Anything else - Cancel.
You shout for attention!
Really read the scroll of poison?
You can't even see any enemies this would affect.
The air fills with toxic fumes!
As you read the scroll of poison, it crumbles to dust.
A Hell Sentinel comes into view.
Unknown command.
Unknown command.
Unknown command.
Unknown command.
You feel protected.
You feel yourself speed up. The Hell Sentinel gestures at you.
The sphere of damnation explodes!
The damnation engulfs you!!
A red film seems to cover your vision as you go berserk!
You feel yourself moving faster!
You feel mighty!
You feel a strong urge to attack something.
You have escaped!

##...#..# #.##.#####.##.#
#......# #..#§# #.##.#
#...#..# #.##§# #.##.##
##.##..#####.##1## #.....#
#.###....§§§#§§☼# ####..#
#.# #.##.##§#§§§# #..# #.#
#.##.###§§§§#######..# #.#
#.##..##§☼§§§#.......# #.#
#.##..##§§@§§#######.#
#.###>##..##§§§§§##......#
#.....##...##§§☼§#....####
########..###☼§§#§#.#.#
##....#§§§###.#.#
#...####☼####.#.#
##.###!#§#.##.#.# #.#
#.#§##.#.#.#
#.###.#.#....#.#


You could see a Hell Sentinel.

Vanquished Creatures
  the Royal Jelly (Slime:5)
  5 dread liches
  4 orbs of fire (Zot:5)
  3 ancient liches
  A juggernaut (Depths:2)
  Saint Roka (Depths:2)
  4 Killer Klowns
  Frederick (Depths:3)
  Margery (Vaults:4)
  Bai Suzhen (Elf:3)
  3 curse toes
  4 caustic shrikes
  Nikola (Elf:1)
  2 profane servitors
  Jory (Depths:1)
  8 golden dragons
  A doom hound (Depths:1)
  16 tentacled monstrosities
  2 electric golems
  A walking earthen tome (Depths:3)
  2 liches
  24 Orb Guardians
  A walking divine tome (Depths:3)
  Mlioglotl (Snake:3)
  4 deep elf master archers (Elf:3)
  4 titans
  10 quicksilver dragons
  4 walking frostbound tomes
  9 death cobs
  Kirke (D:14)
  16 acid blobs
  10 shadow dragons
  5 tengu reavers
  Agnes (D:15)
  5 sphinxes
  2 thorn hunters
  14 storm dragons
  Roxanne (D:15)
  9 fire giants
  9 rockslimes
  17 nagarajas (Snake:4)
  3 draconian monks
  8 azure jellies
  4 draconian knights
  9 deep elf sorcerers (Elf:3)
  11 frost giants
  10 vault wardens
  3 draconian scorchers
  Louise (Depths:4)
  An imperial myrmidon (Desolation)
  3 spectral caustic shrikes (Depths:1)
  A ghost moth (Zot:5)
  2 iron dragons
  5 draconian annihilators
  5 spriggan defenders
  3 draconian shifters
  4 orc warlords
  23 very ugly things
  4 draconian stormcallers
  9 quicksilver oozes
  A juggernaut zombie (Depths:1)
  3 deep elf elementalists (Elf:3)
  3 war gargoyles
  A broodmother (shapeshifter) (Depths:2)
  7 formless jellyfish
  7 ironbound thunderhulks
  9 ironbound preservers
  2 vampire knights
  15 stone giants
  7 deep elf demonologists
  9 deep elf annihilators (Elf:3)
  7 black draconians
  3 eleionomae
  8 green draconians
  A halazid warlock (Desolation)
  9 white draconians
  10 purple draconians
  7 red draconians
  A bunyip (Swamp:4)
  13 spark wasps
  9 yellow draconians
  4 dire elephants (Vaults:1)
  A minotaur (Gauntlet)
  3 eidola
  8 deep elf death magi
  A blizzard demon (Zot:5)
  4 crystal guardians
  Josephine (Lair:4)
  4 jiangshi (Depths:1)
  3 deep elf high priests
  17 yaktaur captains
  18 ettins
  4 entropy weavers
  8 great orbs of eyes
  2 shambling mangroves
  A quicksilver dragon skeleton (Depths:1)
  6 fire dragons
  31 vault guards
  3 ghost crabs
  6 ragged hierophants (Desolation)
  4 salamander tyrants
  A juggernaut simulacrum (Depths:1)
  4 ogre magi
  15 peacekeepers
  10 centaur warriors
  10 ice dragons
  19 hydras
  A caustic shrike simulacrum (Depths:1)
  A hell beast (Depths:1)
  12 anacondas
  4 servants of whispers (Desolation)
  6 spriggan air magi
  7 two-headed ogres
  4 boulder beetles
  8 ironbound frosthearts
  20 dancing weapons
  2 catoblepae
  13 naga warriors
  6 alligators
  8 deep troll shamans
  5 vampire magi
  5 death yaks (Lair:3)
  8 spriggan berserkers
  A hell hog (Gauntlet)
  7 deep troll earth magi
  12 hell knights
  11 shock serpents
  4 tengu warriors
  An orc high priest (Elf:1)
  15 naga sharpshooters
  2 salamander mystics (Snake:4)
  4 shadow wraiths
  11 deep elf knights
  5 skeletal warriors
  7 iron trolls
  Lodul (D:14)
  6 glowing orange brains
  A spark wasp zombie (Depths:1)
  7 flayed ghosts
  2 bog bodies
  5 large abominations (D:13)
  4 goliath frogs
  A glowing orange brain (shapeshifter) (Depths:2)
  5 naga ritualists
  11 swamp dragons
  11 wizards
  34 deep trolls
  6 phantasmal warriors
  12 ironbound convokers
  9 deep elf archers
  8 lindwurms
  A spectral ettin (Depths:1)
  12 orc knights
  10 salamanders
  24 deep elf pyromancers
  22 deep elf zephyrmancers
  3 oklob plants (Lair:1)
  4 necromancers
  An iron dragon zombie (Depths:1)
  41 ugly things
  A cyclops (shapeshifter) (D:15)
  4 mana vipers
  3 shining eyes
  3 orc sorcerers (Elf:1)
  4 will-o-the-wisps
  A salamander (shapeshifter) (Depths:1)
  A fire giant zombie (Depths:1)
  2 cyclopes
  3 manticores
  20 moths of wrath
  A sphinx skeleton (Depths:1)
  39 black mambas
  A black mamba (shapeshifter) (D:14)
  2 guardian serpents
  6 elephants (Lair:1)
  A centaur zombie (D:15)
  A torpor snail (shapeshifter) (Vaults:5)
  A torpor snail (Gauntlet)
  A gargoyle (D:12)
  A stone giant skeleton (Depths:1)
  9 naga magi
  An orange demon (D:6)
  A guardian serpent (shapeshifter) (Depths:3)
  A molten gargoyle (Desolation)
  9 cane toads
  8 vault sentinels
  An efreet (D:15)
  14 komodo dragons
  2 unseen horrors
  28 yaktaurs
  A cane toad (shapeshifter) (Depths:3)
  A yaktaur (shapeshifter) (Vaults:4)
  10 rime drakes
  A komodo dragon (shapeshifter) (D:13)
  A spark wasp simulacrum (Depths:1)
  3 freezing wraiths
  A tengu conjurer (Depths:4)
  2 golden dragon simulacra (Depths:1)
  7 trolls
  A wind drake (shapeshifter) (Vaults:5)
  21 hornets
  A polar bear (shapeshifter) (D:13)
  12 polar bears
  2 wolf spider simulacra (D:15)
  A queen bee (D:13)
  6 meliai
  4 tyrant leeches
  54 saltlings (Desolation)
  18 blink frogs
  5 dream sheep (Lair:4)
  A raiju (Lair:5)
  2 centaur simulacra
  Sigmund (D:6)
  A culicivora (shapeshifter) (Depths:2)
  118 slime creatures
  5 vampires
  An air elemental (Elf:1)
  3 flying skulls (Depths:1)
  A slime creature (shapeshifter) (Elf:3)
  A shadow (D:13)
  A hog (D:14)
  18 spriggans
  A jumping spider (shapeshifter) (Vaults:5)
  4 wyverns
  4 wraiths
  2 fire elementals (Elf:3)
  51 yaks
  A steam dragon (D:6)
  6 golden eyes (Slime:4)
  A human (Lair:3)
  2 fire bats (Gauntlet)
  3 basilisks
  14 vampire mosquitoes
  9 redbacks
  5 wargs
  14 swamp worms
  2 acid dragons
  A glowing shapeshifter zombie (Depths:1)
  26 nagas
  18 hell hounds
  19 water moccasins
  A floating eye (Slime:1)
  2 ice beasts
  11 swamp drakes
  11 black bears (Lair:5)
  26 orc warriors
  A hornet zombie (D:15)
  A swamp drake (shapeshifter) (Depths:4)
  29 wolves
  20 ogres
  18 centaurs
  A kobold brigand (D:11)
  12 bullfrogs
  2 gnoll sergeants
  An earth elemental (Elf:1)
  2 scorpions
  4 wights (D:8)
  7 small abominations (D:13)
  37 killer bees
  2 electric eels (Lair:1)
  5 howler monkeys
  4 quasits (D:6)
  A jelly (D:5)
  15 orc priests
  5 hounds
  7 iguanas
  A gnoll bouda (Orc:1)
  Natasha (twice) (D:3)
  22 orc wizards
  Robin (D:3)
  15 gnolls
  12 adders
  4 white imps
  2 ufetubi
  The ghost of petzl the Sneak, a weakling FoDe (D:6)
  2 dart slugs
  106 orcs
  10 bats
  4 endoplasms
  2 giant cockroaches
  16 goblins
  13 hobgoblins
  6 quokkas
  4 ball pythons (D:1)
  4 frilled lizards
  8 kobolds
  6 rats
2194 creatures vanquished.

Vanquished Creatures (collateral kills)
  Boris (Vaults:2)
  4 acid blobs (Slime:5)
  Donald (Swamp:1)
  A shadow dragon (Vaults:5)
  A tengu reaver (Vaults:5)
  A nagaraja (Snake:4)
  A rockslime (Slime:5)
  A draconian scorcher (Zot:2)
  A deep elf sorcerer (Elf:3)
  A vault warden (Vaults:2)
  An orc warlord (Orc:2)
  An ironbound preserver (Vaults:2)
  A draconian annihilator (Zot:4)
  2 quicksilver oozes (Slime:5)
  An eleionoma (Swamp:1)
  A bunyip (Swamp:1)
  2 very ugly things (Depths:2)
  A halazid warlock (Desolation)
  A white draconian (Zot:4)
  A yellow draconian (Zot:4)
  A vault guard (Vaults:2)
  A deep elf high priest (Elf:3)
  A hydra (D:11)
  2 ragged hierophants (Desolation)
  3 ogre magi (Orc:2)
  2 servants of whispers (Desolation)
  4 peacekeepers (Desolation)
  An anaconda (Snake:3)
  10 two-headed ogres (Orc:2)
  A naga sharpshooter (Snake:3)
  2 deep trolls
  4 ironbound convokers
  A mana viper (Snake:1)
  A naga ritualist (Snake:3)
  An ugly thing (Depths:2)
  2 black mambas
  A naga mage (Snake:1)
  11 saltlings (Desolation)
  2 slime creatures (Slime:5)
  A warg (Orc:2)
  11 ogres (Orc:2)
  A centaur (D:11)
  3 orc priests
  6 orcs
98 creatures vanquished.

Vanquished Creatures (others)
  A caustic shrike (Depths:2)
  An electric golem (Zot:5)
  2 Orb Guardians (Zot:5)
  A death cob (Zot:4)
  A draconian knight (Zot:4)
  A draconian stormcaller (Zot:2)
  A green draconian (Zot:3)
  A red draconian (Zot:3)
  A lorocyproca (Zot:5)
  A servant of whispers (Desolation)
  A spectral frost giant (Depths:1)
  3 ironbound convokers (Desolation)
  A wizard (Depths:1)
  A moth of wrath (Zot:5)
  A yaktaur (Vaults:5)
  A saltling (Desolation)
  A bloated husk (Swamp:1)
  An ogre (Vaults:5)
  A hound (D:6)
  An orc wizard (Elf:1)
  An adder (D:6)
  A gnoll (D:11)
  An orc (Vaults:4)
  17 foxfires
43 creatures vanquished.

Grand Total: 2335 creatures vanquished

Notes
Turn   | Place    | Note
-------+----------+-------------------------------------------
     0 | D:1      | snackwell the Troll Berserker began the quest for the Orb.
     0 | D:1      | Reached XP level 1. HP: 22/22 MP: 0/0
    40 | D:1      | Found a faded altar of an unknown god.
   206 | D:1      | Reached XP level 2. HP: 29/29 MP: 1/1
   348 | D:1      | Found Netoenom's Distillery.
   389 | D:1      | Bought a potion of degeneration for 10 gold pieces
   440 | D:1      | Reached ** piety under Trog
   467 | D:1      | Reached XP level 3. HP: 36/36 MP: 2/2
  1064 | D:2      | Reached skill level 4 in Unarmed Combat
  1621 | D:3      | Noticed Natasha
  1630 | D:3      | Killed Natasha
  1631 | D:3      | Reached XP level 4. HP: 43/45 MP: 3/3
  1942 | D:3      | Noticed Robin
  1947 | D:3      | Killed Robin
  1948 | D:3      | Reached skill level 5 in Unarmed Combat
  1948 | D:3      | Reached XP level 5. HP: 53/53 MP: 4/4
  2000 | D:3      | Reached *** piety under Trog
  2138 | D:3      | Found a basalt altar of Yredelemnul.
  2142 | D:3      | Noticed Natasha
  2160 | D:3      | Killed Natasha
  2180 | D:3      | Found a glowing golden altar of the Shining One.
  2182 | D:3      | Noticed an angel
  2442 | D:4      | Found a broken altar of Ashenzari.
  2467 | D:4      | Found a staircase to the Ecumenical Temple.
  2659 | D:4      | Reached XP level 6. HP: 56/62 MP: 5/5
  2807 | D:4      | Reached skill level 6 in Unarmed Combat
  3250 | D:4      | Found Etyamel's Tremendous Tomes.
  3774 | D:5      | Entered Level 5 of the Dungeon
  3923 | D:5      | Reached XP level 7. HP: 70/70 MP: 6/6
  4010 | D:5      | Reached skill level 7 in Unarmed Combat
  4155 | D:5      | You fall into a shaft and drop 2 floors!
  4155 | D:7      | Found a bloodstained altar of Trog.
  4230 | D:6      | Noticed a steam dragon
  4234 | D:6      | Killed a steam dragon
  4235 | D:6      | Reached skill level 5 in Fighting
  4235 | D:6      | Reached skill level 8 in Unarmed Combat
  4270 | D:6      | Reached XP level 8. HP: 74/80 MP: 7/7
  4286 | D:6      | Reached **** piety under Trog
  4463 | D:5      | Found a sparkling altar of Nemelex Xobeh.
  4549 | D:6      | Found a glowing silver altar of Zin.
  4555 | D:6      | Noticed Sigmund
  4562 | D:6      | Killed Sigmund
  4563 | D:6      | Reached skill level 9 in Unarmed Combat
  4572 | D:6      | Found a transporter.
  4575 | D:6      | Noticed petzl's ghost (weakling FoDe)
  4600 | D:6      | Found a transporter.
  5089 | D:7      | Found a burning altar of Makhleb.
  5118 | D:7      | Reached skill level 10 in Unarmed Combat
  5123 | D:7      | Reached XP level 9. HP: 73/89 MP: 8/8
  5507 | D:8      | Reached ***** piety under Trog
  5607 | D:8      | Found a staircase to the Lair.
  5657 | D:8      | Identified a scroll of acquirement
  5658 | D:8      | Acquired the +1 tower shield of the Six of Pentacles {rC+
                  | rN+}
  5737 | D:8      | Reached skill level 1 in Shields
  6086 | D:9      | Found Qoown's Distillery.
  6104 | D:9      | Bought a potion of enlightenment for 80 gold pieces
  6104 | D:9      | Bought a potion of might for 64 gold pieces
  6125 | D:8      | Reached skill level 11 in Unarmed Combat
  6125 | D:8      | Reached XP level 10. HP: 81/102 MP: 9/9
  6328 | D:9      | Reached skill level 5 in Shields
  6386 | D:9      | Acquired a manual of Shields
  6416 | D:9      | Received a gift from Trog
  6655 | D:10     | Entered Level 10 of the Dungeon
  6791 | D:10     | Found a hazy altar of Hepliaklqana.
  6803 | D:10     | Found a shimmering blue altar of Sif Muna.
  6803 | D:10     | Found a shadowy altar of Dithmenos.
  6884 | D:10     | Found a staircase to the Orcish Mines.
  6885 | D:10     | Noticed an orc knight
  6901 | D:10     | Killed an orc knight
  6910 | D:10     | Found Futhi's Armour Emporium.
  7297 | D:10     | Found a portal to a secret trove of treasure.
  7431 | D:10     | Found a stormy altar of Qazlal.
  7546 | D:11     | Reached skill level 1 in Maces & Flails
  7597 | D:11     | Reached XP level 11. HP: 48/111 MP: 10/10
  7847 | D:11     | Noticed a two-headed ogre
  7855 | D:11     | Killed a two-headed ogre
  8029 | D:11     | Noticed a six-headed hydra
  8035 | D:11     | Killed a six-headed hydra
  8074 | D:11     | Reached skill level 5 in Maces & Flails
  8406 | Lair:1   | Entered Level 1 of the Lair of Beasts
  8631 | Lair:1   | Noticed an oklob plant
  8631 | Lair:1   | Noticed an oklob plant
  8631 | Lair:1   | Noticed an oklob plant
  8739 | Lair:1   | Reached skill level 1 in Armour
  9098 | Lair:1   | Reached XP level 12. HP: 103/119 MP: 11/11
  9474 | Lair:1   | Reached skill level 5 in Dodging
 10197 | Lair:3   | Found a staircase to the Swamp.
 10246 | Lair:3   | Found a shimmering blue altar of Sif Muna.
 10335 | Lair:3   | Found a staircase to the Snake Pit.
 10368 | Lair:3   | Reached skill level 5 in Armour
 10417 | Lair:3   | Reached skill level 12 in Unarmed Combat
 10624 | Lair:3   | Received a gift from Trog
 10637 | Lair:3   | Noticed a death yak
 10637 | Lair:3   | Noticed a death yak
 10637 | Lair:3   | Noticed a death yak
 10637 | Lair:3   | Noticed a death yak
 10659 | Lair:3   | Killed a death yak
 10671 | Lair:3   | Killed a death yak
 10676 | Lair:3   | Killed a death yak
 10677 | Lair:3   | Reached XP level 13. HP: 102/128 MP: 12/12
 10964 | Lair:3   | Found a runed translucent door.
 10987 | Lair:3   | Noticed a tentacled starspawn
 11046 | Lair:3   | Upgraded the game from 0.31-a0-145-g046c7d2549 to
                  | 0.31-a0-149-g3fdcc5976a
 11804 | Lair:4   | Noticed Josephine
 11817 | Lair:4   | Killed Josephine
 12097 | Lair:5   | Entered Level 5 of the Lair of Beasts
 12191 | Lair:5   | Reached skill level 13 in Unarmed Combat
 12738 | Lair:5   | Found a staircase to the Slime Pits.
 12741 | Lair:5   | Found a viscous altar of Jiyva.
 12942 | Lair:5   | Identified the +6 broad axe of Righteous Fury {heavy, rC+
                  | Str+3} (Trog gifted it to you on level 5 of the Lair of
                  | Beasts)
 12942 | Lair:5   | Received a gift from Trog
 12950 | Lair:5   | Reached XP level 14. HP: 141/141 MP: 13/13
 12963 | Lair:5   | Reached skill level 10 in Fighting
 12980 | Lair:5   | Reached skill level 10 in Shields
 13762 | Orc:1    | Entered Level 1 of the Orcish Mines
 13788 | Orc:1    | Received a gift from Trog
 14003 | Orc:1    | Reached ****** piety under Trog
 14301 | Orc:2    | Entered Level 2 of the Orcish Mines
 14301 | Orc:2    | Found a staircase to the Elven Halls.
 14517 | Orc:2    | Found Vueg's Weapon Shop.
 14625 | Orc:2    | Received a gift from Trog
 14628 | Orc:2    | Reached skill level 14 in Unarmed Combat
 14637 | Orc:2    | Paralysed by something for 3 turns
 14646 | Orc:2    | Noticed an orc warlord
 14771 | Orc:2    | Killed an orc warlord
 14772 | Orc:2    | Found Paschen's Magic Scroll Emporium.
 14772 | Orc:2    | Found Veb Delo's Antique Armour Boutique.
 14772 | Orc:2    | Found Gauffen's Assorted Antiques.
 14772 | Orc:2    | Found Unuss's Book Shoppe.
 14812 | Orc:2    | Bought the +0 mask of the Dragon {Will+ Slay+3 SInv} for
                  | 835 gold pieces
 14812 | Orc:2    | Found the +0 mask of the Dragon {Will+ Slay+3 SInv}
 14892 | Orc:2    | Noticed an orc warlord
 14917 | Orc:2    | Killed an orc warlord
 15915 | D:12     | Reached XP level 15. HP: 152/153 MP: 14/14
 16197 | D:13     | Found a gate leading to a gauntlet.
 16205 | Gauntlet | Entered a Gauntlet
 16205 | Gauntlet | Found a transporter.
 16205 | Gauntlet | Found a transporter.
 16206 | Gauntlet | Found a transporter.
 16207 | Gauntlet | Found a transporter.
 16210 | Gauntlet | Found a transporter.
 16210 | Gauntlet | Found a transporter.
 16222 | Gauntlet | Found a transporter.
 16222 | Gauntlet | Found a transporter.
 16223 | Gauntlet | Found a transporter.
 16225 | Gauntlet | Found a transporter.
 16238 | Gauntlet | Found a transporter.
 16238 | Gauntlet | Found a transporter.
 16418 | Gauntlet | Identified the ring "Idwan" {rF+ MP+9 Int+3}
 16502 | Gauntlet | Identified the +3 cloak of Leul {rC+ Dex+2}
 16541 | Gauntlet | Found the amulet of Vitality {RegenMP++ Regen++}
 16552 | Gauntlet | Identified the +4 halberd "Fioxuoka" {flame, Dex+4 Stlth+}
 16555 | Gauntlet | Got Optokh's Tome of Detritus
 16789 | D:13     | Identified the +4 hand axe of Lentoh {freeze, Str+2}
 16857 | D:13     | Received a gift from Trog
 17012 | D:13     | Identified the +3 scimitar of Valour {freeze, rN+ Will-
                  | Str+3 Dex+8}
 17019 | D:13     | Got the Precepts of Lofty Frostbite
 17148 | D:13     | Found a gate to the Vaults.
 17529 | D:14     | Noticed Kirke
 17539 | D:14     | Killed Kirke
 17559 | D:14     | Reached skill level 15 in Unarmed Combat
 17690 | D:14     | Noticed Lodul
 17710 | D:14     | Killed Lodul
 18109 | D:14     | Received a gift from Trog
 18224 | D:15     | Entered Level 15 of the Dungeon
 18244 | D:15     | Identified Roxanne's Omnibus of Evolution
 18244 | D:15     | Noticed Roxanne
 18260 | D:15     | Killed Roxanne
 18581 | D:15     | Found a staircase to the Depths.
 18743 | D:15     | Reached skill level 10 in Armour
 18935 | D:15     | Noticed Agnes
 18945 | D:15     | Killed Agnes
 19288 | Swamp:1  | Entered Level 1 of the Swamp
 19310 | Swamp:1  | Reached skill level 1 in Throwing
 19318 | Swamp:1  | Reached skill level 1 in Evocations
 19461 | Swamp:1  | Reached XP level 16. HP: 145/165 MP: 15/15
 19489 | Swamp:1  | Noticed Donald
 19504 | Swamp:1  | Killed Donald
 19664 | Swamp:1  | Acquired a +3 eveningstar of protection
 19837 | Orc:2    | Bought a scroll of enchant weapon for 75 gold pieces
 19837 | Orc:2    | Bought a scroll of enchant armour for 75 gold pieces
 19837 | Orc:2    | Bought a scroll of brand weapon for 95 gold pieces
 20240 | Swamp:1  | Identified the +9 morningstar of Xowes {heavy, Dex+5} (Trog
                  | gifted it to you on level 1 of the Swamp)
 20240 | Swamp:1  | Received a gift from Trog
 20742 | Swamp:3  | Identified the +7 quarterstaff of Horunarph {antimagic,
                  | Will++ Str+2 Int-3 Dex+3}
 21009 | Swamp:3  | Noticed a thorn hunter
 21029 | Swamp:3  | Killed a thorn hunter
 21106 | Swamp:4  | Entered Level 4 of the Swamp
 21108 | Swamp:4  | Found a runed translucent door.
 21108 | Swamp:4  | Found a shimmering altar of Xom.
 21108 | Swamp:4  | Noticed SirDiesAlot's ghost (adept DrVM)
 21109 | Swamp:4  | Identified the +4 dire flail of Sudden Death {chaos, rF+
                  | Will- SInv}
 21124 | Swamp:4  | Reached skill level 5 in Throwing
 21982 | Swamp:4  | Reached skill level 5 in Evocations
 22079 | Swamp:4  | Noticed a thorn hunter
 22107 | Swamp:4  | Killed a thorn hunter
 22172 | Swamp:4  | Got a decaying rune of Zot
 22689 | Snake:1  | Entered Level 1 of the Snake Pit
 22988 | Snake:1  | Found Pesisyzy's Distillery.
 22989 | Snake:1  | Found Bimeo's General Store.
 23304 | Snake:1  | Reached XP level 17. HP: 124/175 MP: 16/16
 23658 | Snake:2  | Identified the +2 giant club "Quikobei" {heavy, rC+ Will-
                  | Str+4 Dex+2} (Trog gifted it to you on level 2 of the Snake
                  | Pit)
 23658 | Snake:2  | Received a gift from Trog
 24583 | Snake:3  | Noticed Mlioglotl
 24736 | Snake:3  | Identified the +6 mace of Callousness {heavy, Fragile rElec
                  | rC- Str+6} (Trog gifted it to you on level 3 of the Snake
                  | Pit)
 24736 | Snake:3  | Received a gift from Trog
 24946 | Snake:3  | Noticed a bone dragon
 24950 | Snake:3  | Killed Mlioglotl
 25346 | Snake:4  | Entered Level 4 of the Snake Pit
 25839 | Snake:4  | Found a sparkling altar of Nemelex Xobeh.
 26288 | Snake:4  | Reached skill level 10 in Throwing
 26425 | Snake:4  | Received a gift from Trog
 26529 | Snake:4  | Reached XP level 18. HP: 131/187 MP: 17/17
 27132 | Snake:4  | Got a serpentine rune of Zot
 27417 | Vaults:1 | Entered Level 1 of the Vaults
 28372 | Vaults:1 | Received a gift from Trog
 28868 | Vaults:2 | Found Ronaki's General Store.
 28932 | Vaults:2 | Noticed a lich
 29033 | Vaults:2 | Reached skill level 10 in Evocations
 29051 | Vaults:2 | Found Unaybypp's Weapon Shoppe.
 29216 | Vaults:2 | Noticed Boris
 29225 | Vaults:2 | Killed Boris
 29239 | Vaults:2 | Reached skill level 16 in Unarmed Combat
 29314 | Vaults:2 | Reached XP level 19. HP: 184/198 MP: 18/18
 29598 | Vaults:2 | Identified the +1 sling of the Lame Duck {speed, rPois rF+}
 30092 | Vaults:2 | Received a gift from Trog
 30323 | Vaults:3 | Found a crumbling gateway.
 30346 | Desolati | Entered the Desolation of Salt
 30508 | Desolati | Identified the amulet of Hospitality {Acrobat Dex+2}
 30529 | Desolati | Identified the +11 orcbow "Killer Klown's Bane" {freeze,
                  | rC+ Stlth+}
 30529 | Desolati | Identified the amulet "Ecizaip" {RegenMP Harm Str+3}
 30638 | Desolati | Reached skill level 17 in Unarmed Combat
 30900 | Desolati | Reached skill level 15 in Fighting
 30908 | Desolati | Identified the +0 cloak of Sycuych {Str+3}
 30911 | Desolati | Identified the ring "Niddopt" {Ice Stlth+}
 30914 | Desolati | Identified the +1 pair of gloves "Jipnytto" {rN+ Will+}
 30916 | Desolati | Identified the ring "Hauhaeps" {rElec rCorr MP+9 Dex-4
                  | Slay+5}
 31227 | Desolati | Got Sif Muna's Incunabulum of the Door
 31229 | Desolati | Got the Vellum of the Sunfish
 31232 | Desolati | Got the Tome of the Rocks
 31708 | Vaults:3 | Found a staircase to the Crypt.
 32192 | Vaults:3 | Received a gift from Trog
 32563 | Vaults:3 | Identified the +6 scale mail of Marbles {rPois MP-9 Int+3}
 33022 | Vaults:4 | Reached XP level 20. HP: 210/210 MP: 19/19
 33023 | Vaults:4 | Reached skill level 18 in Unarmed Combat
 33058 | Vaults:4 | Noticed Margery
 33099 | Vaults:4 | Killed Margery
 33205 | Vaults:4 | Found Rohu's Magic Scroll Emporium.
 33214 | Vaults:4 | Paralysed by a formless jellyfish for 1 turns
 33232 | Vaults:4 | Bought a scroll of blinking for 142 gold pieces
 33239 | Vaults:4 | Found Hoer's Magic Scroll Emporium.
 33256 | Vaults:4 | Bought a scroll of blinking for 142 gold pieces
 33256 | Vaults:4 | Bought a scroll of acquirement for 988 gold pieces
 33256 | Vaults:4 | Acquired 431 gold pieces
 33424 | Vaults:4 | Received a gift from Trog
 33531 | Vaults:4 | Found Ruamoull's Armour Shop.
 34307 | D:6      | Killed petzl's ghost
 34633 | Slime:1  | Entered Level 1 of the Pits of Slime
 34666 | Slime:1  | You fall into a shaft and drop 1 floor!
 34803 | Slime:1  | Paralysed by a floating eye for 2 turns
 35461 | Slime:1  | Paralysed by a floating eye for 3 turns
 35462 | Slime:1  | Gained mutation: You are vulnerable to cold. (rC-) [a
                  | shining eye]
 35643 | Slime:1  | Reached skill level 1 in Stealth
 36014 | Slime:2  | Received a gift from Trog
 36716 | Slime:3  | Upgraded the game from 0.31-a0-149-g3fdcc5976a to
                  | 0.31-a0-152-g6aa68a64a1
 36722 | Slime:5  | Entered Level 5 of the Pits of Slime
 36768 | Slime:4  | Paralysed by a formless jellyfish for 1 turns
 36919 | Slime:5  | Reached skill level 19 in Unarmed Combat
 37197 | Slime:5  | Paralysed by a formless jellyfish for 1 turns
 37489 | Slime:5  | Noticed the Royal Jelly
 37491 | Slime:5  | Received a gift from Trog
 37494 | Slime:5  | Found a viscous altar of Jiyva.
 37694 | Slime:5  | Killed the Royal Jelly
 37695 | Slime:5  | Reached XP level 21. HP: 170/222 MP: 20/20
 37767 | Slime:5  | Identified the +2 tower shield of Paelonag {Dex+5}
 37785 | Slime:5  | Identified the +1 lajatang of Dividends {antimagic, *Noise
                  | Int-4 Dex+8 SInv}
 37806 | Slime:5  | Got a slimy rune of Zot
 38161 | D:10     | You paid a toll of a +7 demon whip to enter a treasure
                  | trove
 38162 | Trove    | Entered a treasure trove
 38172 | Trove    | Identified the +2 morningstar "Beast's Bane" {freeze,
                  | Int+2}
 38177 | Trove    | Identified the ring of Gyzacov {rElec AC+4 Int+3 Dex+2
                  | Slay+2}
 38179 | Trove    | Identified the +1 dagger of Kiuqy {venom, rN+ Str+2 Int-2}
 38189 | Trove    | Identified the +5 war axe "Egoymae" {freeze, rC+ Str+5}
 38365 | Elf:1    | Entered Level 1 of the Elven Halls
 38383 | Elf:1    | Gained mutation: You are strong-willed. (Will+) [a neqoxec]
 38698 | Elf:1    | Found a runed translucent gate.
 38698 | Elf:1    | Found a runed translucent gate.
 38698 | Elf:1    | Found a runed translucent gate.
 38698 | Elf:1    | Found a runed translucent gate.
 38698 | Elf:1    | Found a runed translucent gate.
 38701 | Elf:1    | Found a runed translucent gate.
 39106 | Elf:1    | Received a gift from Trog
 39400 | Elf:2    | Noticed Nikola
 39416 | Elf:1    | Killed Nikola
 40035 | Elf:2    | Found a runed translucent gate.
 40040 | Elf:2    | Found a runed translucent gate.
 40040 | Elf:2    | Found a runed translucent gate.
 40176 | Elf:3    | Entered Level 3 of the Elven Halls
 40187 | Elf:3    | Identified the +9 hand axe of Trog's Generosity {heavy,
                  | Fragile rPois rCorr} (Trog gifted it to you on level 3 of
                  | the Elven Halls)
 40187 | Elf:3    | Received a gift from Trog
 40303 | Elf:3    | Noticed Bai Suzhen
 40311 | Elf:3    | Killed Bai Suzhen
 41330 | Elf:3    | Received a gift from Trog
 41411 | Elf:3    | Reached skill level 5 in Stealth
 41439 | Elf:3    | Identified the ring "Uppag" {Ice Int+5}
 41446 | Elf:3    | Reached skill level 20 in Unarmed Combat
 41559 | Elf:3    | Identified the ring "Filamebe" {Ice rN+ Int-5 SInv}
 41579 | Elf:3    | Received a gift from Trog
 41699 | Elf:3    | Identified the +5 sling of Strategic Superiority {drain,
                  | Stlth+}
 41729 | Elf:3    | Identified the staff of cold "Hyughu" {Fragile rF+ rC+
                  | Str+6}
 42177 | Snake:1  | Bought a potion of heal wounds for 80 gold pieces
 42177 | Snake:1  | Bought a potion of heal wounds for 80 gold pieces
 42183 | Snake:1  | Bought a lightning rod (4/4) for 450 gold pieces
 42391 | Orc:2    | Bought a scroll of teleportation for 30 gold pieces
 42391 | Orc:2    | Bought a scroll of teleportation for 30 gold pieces
 42634 | D:1      | Bought a potion of haste for 100 gold pieces
 42634 | D:1      | Bought a potion of heal wounds for 50 gold pieces
 42902 | Vaults:2 | Bought a scroll of enchant armour for 127 gold pieces
 42902 | Vaults:2 | Bought a scroll of teleportation for 51 gold pieces
 42902 | Vaults:2 | Bought a scroll of fog for 68 gold pieces
 42902 | Vaults:2 | Bought a potion of might for 68 gold pieces
 42991 | Vaults:5 | Entered Level 5 of the Vaults
 42999 | Vaults:5 | Noticed an ancient lich
 43009 | Vaults:5 | Reached XP level 22. HP: 94/235 MP: 21/21
 43309 | Vaults:4 | Killed an ancient lich
 43496 | Vaults:5 | Noticed an ancient lich
 43496 | Vaults:5 | Received a gift from Trog
 43634 | Vaults:4 | Killed an ancient lich
 43858 | Vaults:5 | Noticed a dread lich
 43922 | Vaults:4 | Killed a dread lich
 43994 | Vaults:5 | Noticed a golden dragon
 44014 | Vaults:4 | Killed a golden dragon
 44015 | Vaults:4 | Reached skill level 15 in Shields
 44093 | Vaults:5 | Noticed a golden dragon
 44097 | Vaults:5 | Killed a golden dragon
 44142 | Vaults:5 | Reached skill level 15 in Armour
 44267 | Vaults:5 | Found Idus's Distillery.
 44287 | Vaults:5 | Bought 2 potions of heal wounds for 140 gold pieces
 44287 | Vaults:5 | Bought a potion of heal wounds for 70 gold pieces
 44568 | Vaults:5 | Reached skill level 21 in Unarmed Combat
 44749 | Vaults:5 | Identified the amulet of Obsession {Acrobat rElec Will+
                  | Int-5 Stlth+}
 44759 | Vaults:5 | Acquired 768 gold pieces
 44798 | Vaults:5 | Identified the staff of conjuration "Ygatz" {Will+}
 44801 | Vaults:5 | Identified the +5 dagger of Imoeff {speed, +Blink rPois
                  | rCorr Dex-4}
 44853 | Vaults:5 | Received a gift from Trog
 44939 | Vaults:5 | Reached XP level 23. HP: 238/247 MP: 22/22
 44949 | Vaults:5 | Got a silver rune of Zot
 45755 | Depths:1 | Entered Level 1 of the Depths
 46033 | Depths:1 | Found a gateway to Hell.
 46200 | Depths:1 | Received a gift from Trog
 46351 | Depths:1 | Found a basalt altar of Yredelemnul.
 46351 | Depths:1 | Noticed Jory
 46364 | Depths:1 | Killed Jory
 46537 | Depths:1 | Identified the +5 rapier of Kofyeheo {holy, *Slow Dex+3
                  | Stlth+}
 46593 | Depths:1 | Found a hazy altar of Hepliaklqana.
 47302 | Depths:2 | Found a one-way gateway to a ziggurat.
 47308 | Depths:2 | Reached skill level 22 in Unarmed Combat
 47334 | Depths:2 | Found Telu's Book Emporium.
 47335 | Depths:2 | Found Vecwid's Jewellery Boutique.
 47335 | Depths:2 | Found Loegre's Jewellery Boutique.
 47351 | Depths:2 | Bought the ring "Rismia" {rF+ rCorr Dex+3} for 523 gold
                  | pieces
 47355 | Depths:2 | Bought the ring of Ajug {rPois rCorr Str+8 Int+6 Dex-5} for
                  | 945 gold pieces
 47360 | Depths:2 | Bought the ring of Demons {rPois Will+ EV+5} for 844 gold
                  | pieces
 47399 | Depths:2 | Found a one-way gate leading to the halls of Pandemonium.
 47404 | Depths:2 | Found a transporter.
 47406 | Depths:2 | Noticed Cakioj's ghost (veteran DjCj)
 47410 | Depths:2 | Noticed a dread lich
 47463 | Depths:2 | Received a gift from Trog
 47469 | Depths:2 | Noticed Saint Roka
 47484 | Depths:2 | Killed Saint Roka
 47746 | Depths:2 | Noticed a caustic shrike
 47751 | Depths:2 | Noticed a caustic shrike
 47754 | Depths:2 | Noticed a caustic shrike
 47761 | Depths:2 | Noticed a caustic shrike
 47770 | Depths:2 | Killed a caustic shrike
 47773 | Depths:2 | Killed a caustic shrike
 47777 | Depths:2 | Killed a caustic shrike
 47992 | Depths:2 | Noticed a juggernaut
 48016 | Depths:2 | Killed a juggernaut
 48033 | Depths:2 | Reached XP level 24. HP: 88/256 MP: 22/22
 48043 | Depths:2 | Identified the +6 giant club of Viuseec {flame, rC+ rN+
                  | Will+ Dex+2} (Trog gifted it to you on level 2 of the
                  | Depths)
 48043 | Depths:2 | Received a gift from Trog
 48477 | Depths:2 | Found a transporter.
 48785 | Depths:2 | Identified the +6 quarterstaff of Cuebb {freeze, rF+ rC+++
                  | rCorr Str-4}
 49096 | Depths:3 | Found a one-way gate to the infinite horrors of the Abyss.
 49193 | Depths:3 | Identified the +8 sling of Red Wine {freeze, Will- Int+5}
 49252 | Depths:3 | Reached skill level 23 in Unarmed Combat
 49314 | Depths:3 | Received a gift from Trog
 49828 | Depths:3 | Identified the +6 glaive of Past Mistakes {elec, *Noise Fly
                  | rF+++ SInv}
 49890 | Depths:4 | Entered Level 4 of the Depths
 49890 | Depths:4 | Noticed Frederick
 49903 | Depths:3 | Killed Frederick
 50137 | Depths:4 | Noticed Louise
 50147 | Depths:4 | Killed Louise
 50236 | Depths:4 | Identified the +5 morningstar of the Thoughtful Seers
                  | {vamp, *Rage Will++}
 50350 | Depths:4 | Identified the +4 robe of the Kraken {rF- rCorr Str+5
                  | Int+3}
 50750 | Depths:4 | Identified the +11 demon whip of Feost {flame, Str-2 Dex+4}
                  | (Trog gifted it to you on level 4 of the Depths)
 50750 | Depths:4 | Received a gift from Trog
 51447 | Depths:4 | Found a gate to the Realm of Zot.
 51545 | Zot:1    | Entered Level 1 of the Realm of Zot
 52172 | Zot:2    | Reached XP level 25. HP: 258/269 MP: 22/22
 52453 | Zot:2    | Found a runed translucent door.
 52453 | Zot:2    | Noticed Qaniympis's ghost (veteran DgEE)
 52738 | Zot:3    | Identified the +2 mace of the Extremes {venom, Will+ Dex+3}
 52779 | Zot:3    | Found a runed translucent gate.
 52779 | Zot:3    | Found a runed translucent gate.
 52780 | Zot:3    | Found a runed translucent gate.
 52781 | Zot:3    | Noticed Emoisch's ghost (adept MiFi)
 52781 | Zot:3    | Noticed Unkupp's ghost (veteran OgBe)
 52922 | Zot:3    | Reached skill level 24 in Unarmed Combat
 53398 | Zot:3    | Reached skill level 10 in Maces & Flails
 53630 | Zot:3    | Noticed a Killer Klown
 53637 | Zot:3    | Killed a Killer Klown
 53927 | Zot:4    | Received a gift from Trog
 54414 | Zot:4    | Noticed an orb of fire
 54590 | Zot:5    | Entered Level 5 of the Realm of Zot
 54593 | Zot:5    | Found a hide-covered altar of Uskayaw.
 55165 | Zot:5    | Noticed an orb of fire
 55170 | Zot:5    | Gained mutation: Your spells are a little easier to cast,
                  | but a little less powerful. [an orb of fire]
 55174 | Zot:5    | Gained mutation: You are dopey. (Int -2) [an orb of fire]
 55188 | Zot:5    | Killed an orb of fire
 55198 | Zot:5    | Noticed a dread lich
 55258 | Zot:5    | Killed a dread lich
 55289 | Zot:5    | Noticed an orb of fire
 55292 | Zot:5    | Noticed an orb of fire
 55294 | Zot:5    | Gained mutation: Your body sometimes deteriorates upon
                  | taking damage. [an orb of fire]
 55309 | Zot:5    | Gained mutation: You are weak. (Str -2) [an orb of fire]
 55314 | Zot:5    | Gained mutation: Your body often deteriorates upon taking
                  | damage. [an orb of fire]
 55317 | Zot:5    | Gained mutation: Armour fits poorly on your strangely
                  | shaped body. [an orb of fire]
 55320 | Zot:5    | Killed an orb of fire
 55324 | Zot:5    | Gained mutation: You are frail. (-10% HP) [an orb of fire]
 55326 | Zot:5    | Killed an orb of fire
 55715 | Lair:1   | Lost mutation: Armour fits poorly on your strangely shaped
                  | body. [potion of mutation]
 55715 | Lair:1   | Lost mutation: You are dopey. (Int -2) [potion of mutation]
 55715 | Lair:1   | Gained mutation: You are very frail. (-20% HP) [potion of
                  | mutation]
 55715 | Lair:1   | Gained mutation: You expend magic power (3 MP) to
                  | strengthen your wands. [potion of mutation]
 55716 | Lair:1   | Lost mutation: You expend magic power (3 MP) to strengthen
                  | your wands. [potion of mutation]
 55716 | Lair:1   | Lost mutation: Your spells are a little easier to cast, but
                  | a little less powerful. [potion of mutation]
 55716 | Lair:1   | Lost mutation: You are weak. (Str -2) [potion of mutation]
 55716 | Lair:1   | Gained mutation: You passively map a small area around you.
                  | [potion of mutation]
 55717 | Lair:1   | Lost mutation: Your body often deteriorates upon taking
                  | damage. [potion of mutation]
 55717 | Lair:1   | Lost mutation: You are very frail. (-20% HP) [potion of
                  | mutation]
 55718 | Lair:1   | Lost mutation: Your body sometimes deteriorates upon taking
                  | damage. [potion of mutation]
 55718 | Lair:1   | Lost mutation: You are strong-willed. (Will+) [potion of
                  | mutation]
 55718 | Lair:1   | Lost mutation: You are frail. (-10% HP) [potion of
                  | mutation]
 55718 | Lair:1   | Gained mutation: You are covered in thick fur. (AC +2)
                  | [potion of mutation]
 56119 | Zot:5    | Noticed a dread lich
 56123 | Zot:5    | Noticed a Killer Klown
 56133 | Zot:5    | Killed a dread lich
 56149 | Zot:5    | Killed a Killer Klown
 56150 | Zot:5    | Reached XP level 26. HP: 282/282 MP: 22/22
 56276 | Zot:5    | Received a gift from Trog
 56370 | Zot:5    | Noticed a dread lich
 56371 | Zot:5    | Noticed an orb of fire
 56375 | Zot:5    | Noticed an ancient lich
 56412 | Zot:5    | Killed an ancient lich
 56501 | Zot:5    | Noticed a dread lich
 56502 | Zot:5    | Paralysed by a dread lich for 3 turns
 56515 | Zot:5    | Killed a dread lich
 56515 | Zot:5    | Gained mutation: You sometimes lose your temper in combat.
                  | [an orb of fire]
 56516 | Zot:5    | Gained mutation: You have an uncontrollable temper. [an orb
                  | of fire]
 56523 | Zot:5    | Killed an orb of fire
 56524 | Zot:5    | Lost mutation: You passively map a small area around you.
                  | [potion of mutation]
 56524 | Zot:5    | Lost mutation: You have an uncontrollable temper. [potion
                  | of mutation]
 56524 | Zot:5    | Lost mutation: You are covered in thick fur. (AC +2)
                  | [potion of mutation]
 56524 | Zot:5    | Gained mutation: Your body sometimes deteriorates upon
                  | taking damage. [potion of mutation]
 56524 | Zot:5    | Gained mutation: You are partially covered in large bone
                  | plates. (SH +4) [potion of mutation]
 56525 | Zot:5    | Lost mutation: You are partially covered in large bone
                  | plates. (SH +4) [potion of mutation]
 56525 | Zot:5    | Lost mutation: You sometimes lose your temper in combat.
                  | [potion of mutation]
 56525 | Zot:5    | Lost mutation: Your body sometimes deteriorates upon taking
                  | damage. [potion of mutation]
 56525 | Zot:5    | Gained mutation: You are occasionally teleported next to
                  | monsters. [potion of mutation]
 56525 | Zot:5    | Gained mutation: Your flesh is heat resistant. (rF+)
                  | [potion of mutation]
 56526 | Zot:5    | Lost mutation: You are occasionally teleported next to
                  | monsters. [potion of mutation]
 56526 | Zot:5    | Lost mutation: Your flesh is heat resistant. (rF+) [potion
                  | of mutation]
 56526 | Zot:5    | Gained mutation: You have a pair of small horns on your
                  | head. [potion of mutation]
 56526 | Zot:5    | Gained mutation: Your spells are a little harder to cast,
                  | but a little more powerful. [potion of mutation]
 56526 | Zot:5    | Gained mutation: You have a somewhat thin skeletal
                  | structure. (Dex +2, Stealth+) [potion of mutation]
 56575 | Zot:5    | Killed a dread lich
 56703 | Zot:5    | Got the Orb of Zot
 56714 | Zot:5    | Noticed Uxuufru the pandemonium lord
 57281 | D:$      | Escaped with the Orb!

Illustrated notes

Levels and vault maps discovered:
D:1:      dpeg_arrival_rhombus, layout_loops_ring, serial_shops,
          nicolae_shop_industrial_runoff, basic_ecumenical_altar,
          minmay_misc_feat_tower
D:2:      layout_loops_ring
D:3:      layout_basic, grunt_temple_overflow_holy_war, dreamdust_wishing_well,
          uniq_robin, uniq_natasha
D:4:      layout_layer_cave, mainiacjoe_overflow_brackets,
          minmay_temple_entry_glass, nicolae_shop_i_like_big_books
D:5:      layout_rooms, general_overflow_altar
D:6:      layout_rooms, kennysheep_little_box, gammafunk_ghost_stat_death,
          grunt_ministairs_1, kennysheep_windowed_goal, uniq_sigmund
D:7:      layout_rooms, mainiacjoe_overflow_alcove_2, bloody_trog
D:8:      layout_basic, dpeg_oklobed_lair
D:9:      layout_cave_pools, minmay_misc_feat_encased, nicolae_stop_n_shop_2,
          hangedman_decor_lopped
D:10:     layout_loops_ring, overflow_temple_1_default,
          gammafunk_temple_overflow_forgotten, orc_david_3,
          nicolae_trove_entry_crystal
D:11:     layout_roguey
D:12:     layout_cave_pools, serial_column_ruins, column_ruins_hut_ruined,
          column_ruins_square_medium, column_ruins_grid_3,
          column_ruins_open_tiny, column_ruins_columns_corner,
          column_ruins_open_tiny, column_ruins_open_tiny, minmay_quadrilaterals
D:13:     layout_roguey [special_room_bee], david_vaults_4,
          gauntlet_entry_generic, laboratory
D:14:     layout_irregular_city, uniq_kirke, uniq_lodul
D:15:     grunt_enter_depths_magical_seal, layout_loops_ring,
          minmay_parallelograms, uniq_roxanne, uniq_agnes
Lair:1:   minmay_lair_oklob_chamber, layout_regular_city, st_stairs_13,
          dpeg_stationary_puzzle, grunt_megastairs_3
Lair:2:   layout_misc_corridors, eino_small_chamber_without_monster
Lair:3:   layout_long_grid, swamp_mist, minmay_snake_entry_six_corridors,
          basic_altar, pdpol_lair_cabin_in_the_woods,
          infiniplex_staircase_pool_2
Lair:4:   layout_cave_pods, uniq_josephine
Lair:5:   hangedman_lair_caniforms_friends, layout_regular_city,
          guppyfry_lair_end_dragon, slime_entry_1
Swamp:1:  layout_basic_swamp, evilmike_swamp_ruin_house_1, uniq_donald
Swamp:2:  layout_basic_swamp, nicolae_swamp_stair_fork,
          infiniplex_staircase_pool
Swamp:3:  layout_basic_swamp, evilmike_swamp_ruin_house_3
Swamp:4:  swamp_alternative, layout_basic_swamp, ebering_ghost_xom
Snake:1:  layout_layer_cave, grunt_megastairs_1, minmay_shoptagon
Snake:2:  layout_misc_corridors, drop_trap, nicolae_snake_slithery_corners
Snake:3:  layout_cave_shapes, nicolae_elevator_lobby_plus, uniq_mlioglotl
Snake:4:  grunt_snake_rune_spirals, layout_onion, basic_altar
Slime:1:  layout_caves
Slime:2:  layout_caves
Slime:3:  layout_caves
Slime:4:  layout_caves
Slime:5
Orc:1:    cheibrodos_orc_arena, layout_diamond_mine
Orc:2:    st_orc_ogre_mass, layout_caves, serial_shops, shop, basic_altar
Elf:1:    nicolae_elf_arrival_no_cutting_in_line, layout_onion_city, orc_legates
Elf:2:    nicolae_elf_blades_crystal_corner, layout_loops_corners, uniq_nikola,
          uniq_asterion
Elf:3:    minmay_elf_hall_hex, layout_gridlike, grunt_ministairs_4,
          minivault_26, drop_trap, grunt_megastairs_2, uniq_bai_suzhen
Vaults:1: nicolae_vaults_storage_closets_2, ontoclasm_vaults_eye,
          nicolae_vaults_three_branches, v_misc_32, nicolae_vaults_octothorpe,
          hangedman_vaults_stream, nicolae_vaults_surprise_closet,
          nicolae_vaults_apartment_2, nicolae_vaults_trapezoid_2, serial_ice_h,
          nicolae_vaults_little_squares_6, layout_vaults_ring
Vaults:2: nicolae_vaults_closet_pinwheel_5, nicolae_vaults_surprise_closet,
          nicolae_vaults_taking_the_gang_shopping,
          nicolae_vaults_shipping_containers_7, nicolae_vaults_tetromino_Z_2,
          nicolae_vaults_specimen_jars, grunt_vaults_diagonal,
          vaults_room_boxed, hangedman_vaults_stagger, v_misc_2,
          nicolae_vaults_little_squares_6, nicolae_vaults_tetromino_T_2,
          vaults_room_door_ring, nicolae_vaults_tetromino_Z_2,
          layout_vaults_big_cross, serial_shops, shop, uniq_boris
Vaults:3: portal_desolation_entry_nicolae_slug, minmay_crypt_entry_vampire_xt,
          nicolae_vaults_hallways_thing, v_misc_16, nicolae_vaults_tangram_1,
          nicolae_vaults_tetromino_L_1, nicolae_vaults_two_Ls,
          nicolae_vaults_double_plus_2, layout_vaults_chaotic_city
Vaults:4: nicolae_vaults_house_1, hangedman_vaults_corner,
          hangedman_vaults_stretched_pinwheel, nicolae_vaults_stand_back,
          nicolae_vaults_double_plus_1, ontoclasm_vaults_loading_screen,
          nicolae_vaults_surprise_closet, layout_vaults_omnigrid, serial_shops,
          nicolae_shop_stone, nicolae_diamond_shop, shop, uniq_margery
Vaults:5: serial_shops
Depths:1: lemuel_vampire_tower, layout_cave_pools, kennysheep_big_empty_room,
          hell_entry, grunt_ministairs_3, minmay_misc_feat_secret_circle,
          minmay_door_square, nzn_hepliaklqana_mist_gate
Depths:2: grunt_twisty_corner, layout_gridlike, enter_ziggurat_e,
          gammafunk_ghost_mausoleum, hell_entry, pan_entry,
          hangedman_abyss_or_decor_stagger, infiniplex_staircase_hallway_doors,
          minmay_shop_grove, uniq_josephina, uniq_saint_roka
Depths:3: minmay_the_grid_net [minmay_the_grid_minigrid_small_alt,
          minmay_the_grid_garden, minmay_the_grid_spikes,
          minmay_the_grid_dragon_b, minmay_the_grid_medium_cups,
          minmay_the_grid_prize_trominoes], layout_gridlike, abyss_entry,
          hell_entry, minmay_misc_feat_x, lemuel_old_faithful
Depths:4: grunt_x_marks_the_spot, layout_basic,
          nicolae_abyss_entry_one_way_or_another, serial_glass, glass_columns_a,
          glass_columns_b, glass_columns_a, glass_columns_a, glass_columns_b,
          glass_columns_c, glass_columns_b, glass_columns_c, glass_columns_b,
          glass_columns_a, hell_entry, uniq_frederick
Zot:1:    layout_onion_interference
Zot:2:    layout_misc_corridors, ebering_ghost_inner_flame
Zot:3:    kennysheep_blocky_room, layout_gridlike, gammafunk_ghost_cemetery
Zot:4:    layout_gridlike, nrook_zot_tub
Zot:5:    layout_basic, basic_altar, lemuel_flame_loot_1

Skill      XL: |  1  2  3  4  5  6  7  8  9 10 11 12 13 14 15 16 17 18 19 20 21 22 23 24 25 26 |
---------------+-------------------------------------------------------------------------------+-----
Unarmed Combat | 4 5 6 8 10 11 12 13 14 15 16 17 19 20 21 22 23 24 | 24.8
Fighting       | 3 4 5 6 7 8 9 11 12 13 14 15 16 17 18 19 20 | 20.1
Dodging        | 3 4 6 7 |  7.4
Shields        | 4 8 9 12 13 14 15 | 15.4
Maces & Flails | 2 8 9 11 | 11.9
Armour         | 2 5 7 8 10 12 13 14 15 16 17 18 | 18.0
Throwing       | 1 7 10 11 | 11.6
Evocations     | 1 6 8 10 11 12 13 | 13.5
Stealth        | 3 5 |  5.0

Action                     |  1- 3 |  4- 6 |  7- 9 | 10-12 | 13-15 | 16-18 | 19-21 | 22-24 | 25-27 || total
---------------------------+-------+-------+-------+-------+-------+-------+-------+-------+-------++-------
  Melee: Unarmed           |   134 |   133 |   271 |   659 |  1347 |  1351 |  1574 |  1617 |   642 ||  7728
         Punch             |       |     2 |    11 |       |       |       |       |       |       ||    13
         Morningstar       |       |       |       |     2 |    36 |       |       |       |     4 ||    42
         Eveningstar       |       |       |       |       |       |    82 |       |       |       ||    82
         Headbutt          |       |       |       |       |       |       |       |       |    24 ||    24
  Throw: Javelin           |       |       |       |     2 |     1 |       |    11 |       |     9 ||    23
         Large rock        |       |       |       |       |     9 |    90 |    78 |   144 |   131 ||   452
         Boomerang         |       |       |       |       |       |       |     4 |       |       ||     4
         Throwing net      |       |       |       |       |       |       |     1 |       |       ||     1
         Dart              |       |       |       |       |       |       |     1 |       |       ||     1
 Invoke: Berserk           |       |     3 |       |     3 |     3 |     4 |     3 |       |       ||    16
         Trog's Hand       |       |       |     1 |     3 |     2 |     3 |     4 |     5 |     6 ||    24
         Brothers in Arms  |       |       |       |     1 |     5 |     6 |     7 |     5 |     2 ||    26
Ability: Evoke Blink       |       |       |       |       |       |       |       |       |     1 ||     1
  Evoke: Wand              |       |       |       |     4 |    12 |     8 |    19 |     3 |    14 ||    60
         Phial of floods   |       |       |       |       |       |     1 |       |       |       ||     1
         Tin of tremorston |       |       |       |       |       |       |     5 |       |       ||     5
         Lightning rod     |       |       |       |       |       |       |     1 |       |     1 ||     2
    Use: Scroll            |       |    14 |     5 |    12 |     9 |    11 |    26 |    10 |    10 ||    97
         Potion            |       |     1 |     2 |     1 |     2 |     1 |    14 |     5 |    11 ||    37
   Stab: Sleeping          |     1 |       |     1 |     1 |     4 |     2 |    14 |     5 |     2 ||    30
         Distracted        |       |       |       |     1 |     1 |       |     2 |     1 |       ||     5
         Petrified         |       |       |       |       |     5 |       |       |       |       ||     5
         Held in net/web   |       |       |       |       |       |       |     1 |       |       ||     1
 Armour: Animal skin       |    53 |    36 |    49 |    36 |       |       |       |       |       ||   174
         Shadow dragon sca |       |       |       |   235 |   696 |   314 |   691 |   754 |   303 ||  2993
         Swamp dragon scal |       |       |       |       |       |   228 |       |       |       ||   228
  Dodge: Dodged            |    80 |    51 |   109 |   162 |   345 |   408 |   416 |   368 |   124 ||  2063
         Repelled          |       |       |       |     1 |     2 |       |       |       |       ||     3
  Block: Other             |       |    30 |    47 |       |       |       |       |       |       ||    77
         Reflection        |       |       |     8 |     6 |       |       |       |       |       ||    14
         Tower shield      |       |       |    72 |   659 |  1284 |  1359 |  1435 |  1273 |   430 ||  6512

Table legend: (Time is in decaauts)
 A = Elapsed time spent in this place.
 B = Non-inter-level travel time spent in this place.
 C = Inter-level travel time spent in this place.
 D = Time resting spent in this place.
 E = Time spent auto-exploring this place.
 F = Levels seen in this place.
 G = Mean time per level.
                   A        B        C        D        E       F      G
               +--------+--------+--------+--------+--------+-----+--------+
         Total |  56256 |  49418 |   6838 |   3305 |  28943 |  55 | 1022.8 |
       Dungeon |  14211 |  11333 |   2878 |    283 |   8184 |  15 |  947.4 |
          Lair |   6096 |   5226 |    870 |    198 |   3111 |   5 | 1219.2 |
         Swamp |   2918 |   2729 |    189 |    418 |   1325 |   4 |  729.5 |
     Snake Pit |   4582 |   4255 |    327 |    287 |   2525 |   4 | 1145.5 |
    Slime Pits |   3287 |   3066 |    221 |    780 |    962 |   5 |  657.4 |
  Orcish Mines |   1879 |   1433 |    446 |      7 |    887 |   2 |  939.5 |
   Elven Halls |   3532 |   3175 |    357 |    169 |   1995 |   3 | 1177.3 |
        Vaults |   7555 |   6811 |    744 |    426 |   4148 |   5 | 1511.0 |
        Depths |   5766 |   5344 |    422 |    215 |   3301 |   4 | 1441.5 |
           Zot |   4701 |   4323 |    378 |    301 |   2032 |   5 |  940.2 |
         Trove |     45 |     45 |      0 |      0 |      5 |   1 |   45.0 |
    Desolation |   1253 |   1253 |      0 |    218 |    412 |   1 | 1253.0 |
      Gauntlet |    426 |    426 |      0 |      0 |     55 |   1 |  426.0 |
               +--------+--------+--------+--------+--------+-----+--------+

Top non-repeatable levels by time:
Vaults:4: 1978 daAuts
 Snake:4: 1787 daAuts
Depths:2: 1786 daAuts
   Elf:3: 1706 daAuts
Depths:4: 1601 daAuts
  Lair:5: 1582 daAuts
   Zot:5: 1504 daAuts
     D:4: 1455 daAuts
Vaults:2: 1452 daAuts
Vaults:5: 1439 daAuts
  Lair:1: 1392 daAuts
Depths:1: 1365 daAuts
Vaults:3: 1361 daAuts
Vaults:1: 1324 daAuts
    D:10: 1312 daAuts
